 Dungeon Crawl Stone Soup version 0.32-a0-433-g08bcfe7efd (webtiles) character file.

Game seed: 7607038032641410667

42 cforsyth the Slasher (level 3, -1/28 HPs)
             Began as a Coglin Gladiator on Feb 23, 2024.
             Slain by an orc
             ... wielding a +0 hand axe
              (4 damage)
             ... on level 2 of the Dungeon.
             The game lasted 00:01:29 (1335 turns).

cforsyth the Slasher (Coglin Gladiator)             Turns: 1335, Time: 00:01:30

Health: -1/28      AC:  4    Str: 14    XL:     3   Next: 54%
Magic:  3/3        EV: 12    Int:  7    God:
Gold:   56         SH:  0    Dex: 17    Spells: 2/2 levels left

rFire   . . .        a - +0 long sword {Oskar}
rCold   . . .        (no shield)
rNeg    . . .        b - +0 leather armour
rPois   .            c - +0 helmet
rElec   .            (no cloak)
rCorr   .            (no gloves)
SInv    .            (no boots)
Will    .....        (no amulet)
Stlth   +            (no ring)
HPRegen 0.24/turn    (no ring)
MPRegen 0.08/turn

%: no passive effects
@: immotile, revved
A: off-hand wielding, slow wielding, warmup strikes, legs shutdown
a: no special abilities


You were on level 2 of the Dungeon.
You visited 1 branch of the dungeon, and saw 4 of its levels.

You collected 56 gold pieces.


Innate Abilities, Weirdness & Mutations

You can wield a second weapon in your off-hand.
It takes a long time for you to wield or remove held weapons.
Your first few attacks do less damage.
Attacking and casting redirects power from your legs.


   Skills:
 + Level 2.7 Fighting
 + Level 3.5 Long Blades
 - Level 1.7 Throwing
 + Level 1.3 Armour
 - Level 2.6 Dodging


You had 2 spell levels left.
You didn't know any spells.
Your spell library contained the following spells:

 Spells                   Type           Power      Damage    Failure   Level
 Cigotuvi's Dreadful Rot  Necr/Alch/Air  0%         N/A       65%         2
 Fugue of the Fallen      Necr           0%         N/A       86%         3
 Ozocubu's Armour         Ice            0%         N/A       86%         3
 Dispel Undead            Necr           0%         3d6       99%         4
 Manifold Assault         Tloc           0%         N/A       99%         4
 Martyr's Knell           Necr/Summ      0%         N/A       99%         4
 Death Channel            Necr           0%         N/A       100%        6

Inventory:

Hand Weapons
 a - a +0 long sword (weapon) {Oskar}
Missiles
 d - 4 throwing nets (quivered) {=f}
 e - a javelin
Armour
 b - a +0 leather armour (worn)
 c - a +0 helmet (worn)
 i - a +0 cloak
Scrolls
 f - a scroll of identify {unknown}
 h - 2 scrolls of enchant armour {unknown}
 k - a scroll of teleportation {unknown}
 l - a scroll of noise {unknown}
 n - a scroll of revelation {unknown}
 o - a scroll of immolation {unknown}
Potions
 g - a potion of berserk rage {unknown}
 j - a potion of resistance {unknown}
 m - a potion of heal wounds {unknown}
 p - a potion of attraction {unknown}
 q - a potion of degeneration {unknown}

Dungeon Overview and Level Annotations

Branches:
Dungeon (4/15)
 Temple: D:4-7

Altars:

#.# #.# #.#
#.# #.### #
#..! #$##
##..#.....
.#####.....#
.......@..#
.#####.o.##
##.## #.#
#.# #+#


You could see an orc.


Message History

You are no longer unable to travel.
The orc hits you with a +0 hand axe.
* * * LOW HITPOINT WARNING * * *
A ribbon worm comes into view.
There is a stone staircase leading up here.
You climb upwards.
Found a bubbling clear potion and 2 gold pieces.
There is a stone staircase leading down here.
You barely miss the orc. The orc hits you with a +0 hand axe.
* * * LOW HITPOINT WARNING * * *
You hit the orc but do no damage. The orc hits you with a +0 hand axe.
* * * LOW HITPOINT WARNING * * *
You hit the orc but do no damage. The orc hits you but does no damage.
You hit the orc but do no damage. The orc hits you but does no damage.
The orc closely misses you.
You hit the orc but do no damage. The orc hits you with a +0 hand axe.
* * * LOW HITPOINT WARNING * * *
Unknown command.
You hit the orc but do no damage. The orc misses you.
You completely miss the orc. The orc hits you with a +0 hand axe.
* * * LOW HITPOINT WARNING * * *
You hit the orc but do no damage. The orc closely misses you.
You hit the orc.
The orc is moderately wounded.
The orc misses you. The orc hits you with a +0 hand axe.
* * * LOW HITPOINT WARNING * * *
You closely miss the orc.
The orc is moderately wounded.
The orc hits you with a +0 hand axe.
You die...

Skill      XL: |  1  2 |
---------------+-------+-----
Armour         | 1 |  1.3
Fighting       | |  2.7
Long Blades    | |  3.5
Throwing       | |  1.7
Dodging        | |  2.6

Action                     || total
---------------------------++-------
  Melee: Long sword        ||   111
   Stab: Sleeping          ||     1
 Armour: Leather armour    ||    56
  Dodge: Dodged            ||    88

Levels and vault maps discovered:
D:1:      dpeg_arrival_round_c, layout_basic
D:2:      layout_loops_corners, minmay_misc_feat_encased, minmay_goblin_outpost
D:3:      layout_rooms, dk_vineyard_2
D:4:      layout_gridville, amcnicky_altar_gilded, minmay_fountain_box,
          uniq_pikel

Notes
Turn   | Place    | Note
-------+----------+-------------------------------------------
     0 | D:1      | cforsyth the Coglin Gladiator began the quest for the Orb.
     0 | D:1      | Reached XP level 1. HP: 16/16 MP: 1/1
   143 | D:1      | Reached XP level 2. HP: 17/22 MP: 2/2
   275 | D:1      | Reached skill level 1 in Armour
   541 | D:1      | Reached XP level 3. HP: 24/28 MP: 3/3
  1107 | D:2      | You fall into a shaft and drop 2 floors!
  1335 | D:2      | Slain by an orc

Vanquished Creatures
  7 ball pythons
  An endoplasm (D:4)
  3 goblins
  7 hobgoblins
  7 jackals (D:1)
  3 quokkas
  A frilled lizard (D:1)
  2 kobolds
  5 rats
36 creatures vanquished.

Table legend: (Time is in decaauts)
 A = Elapsed time spent in this place.
 B = Non-inter-level travel time spent in this place.
 C = Inter-level travel time spent in this place.
 D = Time resting spent in this place.
 E = Time spent auto-exploring this place.
 F = Levels seen in this place.
 G = Mean time per level.
                   A        B        C        D        E       F      G
               +--------+--------+--------+--------+--------+-----+--------+
         Total |   1359 |   1343 |     16 |      0 |   1066 |   4 |  339.8 |
       Dungeon |   1359 |   1343 |     16 |      0 |   1066 |   4 |  339.8 |
               +--------+--------+--------+--------+--------+-----+--------+

Top non-repeatable levels by time:
     D:1: 991 daAuts
     D:2: 144 daAuts
     D:4: 130 daAuts
     D:3: 93 daAuts

Table legend:
 A = Non-vault XP
 B = Vault XP
 C = Vault XP percentage of total XP
 D = Non-vault monster count
 E = Vault monster count
 F = Vault count percentage of total count
                 A         B        C        D         E       F
            +---------+---------+-------+---------+---------+-------
      Total |      60 |       0 |   0.0 |      36 |       0 |   0.0
            +---------+---------+-------+---------+---------+-------
        D:1 |      44 |       0 |   0.0 |      26 |       0 |   0.0
        D:2 |       1 |       0 |   0.0 |       1 |       0 |   0.0
        D:3 |       8 |       0 |   0.0 |       5 |       0 |   0.0
        D:4 |       7 |       0 |   0.0 |       4 |       0 |   0.0
            +---------+---------+-------+---------+---------+-------
